 Dungeon Sprint DCSS version 0.31-a0-455-g1a7b003ef0 (webtiles) character file.

Game seed: 14296775867716598653

10 dialectric the Cudgeller (level 2, -5/28 HPs)
             Began as a Minotaur Berserker on Aug 3, 2023.
             Was a Believer of Trog.
             Slain by a neqoxec (6 damage)
             ... while paralysed
             ... in the Dungeon (Sprint II: "The Violet Keep of Menkaure").
             The game lasted 00:00:20 (59 turns).

dialectric the Cudgeller (Minotaur Berserker)         Turns: 59, Time: 00:00:21

Health: -5/28      AC:  2    Str: 21      XL:     2   Next: 10%
Magic:  1/1        EV:  2    Int:  0 (2)  God:    Trog [**....]
Gold:   243        SH:  0    Dex:  9      Spells: 1/1 levels left

rFire   . . .        a - +0 mace
rCold   . . .        (no shield)
rNeg    . . .        b - +0 animal skin
rPois   .            (helmet restricted)
rElec   .            (no cloak)
rCorr   .            (no gloves)
SInv    .            (no boots)
Will    .....        (no amulet)
Stlth   +            (no ring)
HPRegen 0.24/turn    (no ring)
MPRegen 0.07/turn

%: no teleportation
@: paralysed, on berserk cooldown, slowed, lost intelligence, unable to read
A: horns 2, retaliatory headbutt, dopey 1
a: Renounce Religion, Berserk, Trog's Hand


You were in the Dungeon.
You worshipped Trog.
Trog was pleased with you.
You visited 1 branch You collected 243 gold pieces.

Inventory:

Hand Weapons
 a - a +0 mace (weapon)
Armour
 b - a +0 animal skin (worn)
Scrolls
 h - a scroll of blinking
Potions
 c - a potion of curing
 d - a potion of heal wounds
 e - a potion of haste
 f - 2 potions of magic
 g - a potion of berserk rage


   Skills:
 + Level 4.8 Fighting
 + Level 4.9 Maces & Flails
 + Level 2.9 Armour
 + Level 2.6 Dodging


You had one spell level left.
You didn't know any spells.
Your spell library was empty.

Dungeon Overview and Level Annotations

Branches:
Dungeon (1/1)

Altars:


Innate Abilities, Weirdness & Mutations

You have a pair of horns on your head.
You reflexively headbutt those who attack you in melee.
You are dopey. (Int -2)


Message History

The neqoxec shouts! x4
The neqoxec gestures at you.
Something tries to feed on your intellect!
Found 243 gold pieces.
You thump the neqoxec! You headbutt the neqoxec.
The neqoxec is moderately wounded.
The neqoxec barely misses you.
You completely miss the neqoxec.
The neqoxec is moderately wounded.
The neqoxec gestures at you.
Something tries to feed on your intellect!
The neqoxec hits you!
You barely miss the neqoxec. Your headbutt misses the neqoxec.
The neqoxec is moderately wounded.
The neqoxec closely misses you.
You completely miss the neqoxec.
The neqoxec is moderately wounded.
The neqoxec hits you!
* * * LOW HITPOINT WARNING * * *
You closely miss the neqoxec.
The neqoxec is moderately wounded.
The neqoxec gestures at you.
Something tries to feed on your intellect!
You barely miss the neqoxec.
The neqoxec is moderately wounded.
The neqoxec closely misses you.
You barely miss the neqoxec.
The neqoxec is moderately wounded.
The neqoxec gestures at you.
Strange energies course through your body.
You feel stupid. The neqoxec gestures at you.
Something tries to feed on your intellect!
The neqoxec gestures at you.
You feel dopey.
You have lost your intelligence.
Something feeds on your intellect! The neqoxec hits you!
* * * LOW HITPOINT WARNING * * *
The neqoxec hits you but does no damage.
The neqoxec hits you.
You die...

### #
#.###+# .#
###†##.##3#
+.##†.<@33#
#...##.##3.#
##.###+# .#
### #


You could see 4 neqoxecs.

Vanquished Creatures
  3 worms (D)
3 creatures vanquished.

Notes
Turn   | Place    | Note
-------+----------+-------------------------------------------
     0 | D        | dialectric the Minotaur Berserker began the quest for the
                  | Orb.
     0 | D        | Reached XP level 1. HP: 19/19 MP: 0/0
    13 | D        | Reached ** piety under Trog
    14 | D        | Reached XP level 2. HP: 24/28 MP: 1/1
    50 | D        | Noticed a neqoxec
    50 | D        | Noticed a neqoxec
    50 | D        | Noticed a neqoxec
    50 | D        | Noticed a neqoxec
    57 | D        | Gained mutation: You are dopey. (Int -2) [a neqoxec]
    57 | D        | Lost intelligence.
    57 | D        | HP: 1/28 [neqoxec (8)]
    59 | D        | Slain by a neqoxec

Illustrated notes

Levels and vault maps discovered:
D:        the_violet_keep_of_menkaure [sprint2_stairs_cluster_1,
          sprint2_shoproom, sprint2_temple, sprint2_basic_supplies,
          sprint2_obstacle_1, sprint2_obstacle_5, sprint2_obstacle_2,
          sprint2_obstacle_3, sprint2_obstacle_4, sprint2_timed_cluster_1,
          sprint2_smallroom_cluster_1, sprint2_smallroom_final_cluster_1,
          sprint2_transparent_cluster_1, sprint2_second_timed_cluster_1,
          sprint2_sniper_area_1, sprint2_heavy_combat_area_1,
          sprint2_mutation_trap_area_1, sprint2_forest_area_1,
          sprint2_light_combat_area_1, sprint2_behind_water_1,
          sprint2_near_end_vault_1]

Skill      XL: |  1 |
---------------+----+-----
Fighting       | 4 |  4.8
Maces & Flails | 4 |  4.9
Armour         | |  2.9
Dodging        | |  2.6

Action                     || total
---------------------------++-------
  Melee: Mace              ||    15
         Headbutt          ||     3
 Invoke: Berserk           ||     1
 Armour: Animal skin       ||     1
  Dodge: Dodged            ||     4

Table legend: (Time is in decaauts)
 A = Elapsed time spent in this place.
 B = Non-inter-level travel time spent in this place.
 C = Inter-level travel time spent in this place.
 D = Time resting spent in this place.
 E = Time spent auto-exploring this place.
 F = Levels seen in this place.
 G = Mean time per level.
                   A        B        C        D        E       F      G
               +--------+--------+--------+--------+--------+-----+--------+
         Total |     73 |     73 |      0 |     33 |      0 |   1 |   73.0 |
       Dungeon |     73 |     73 |      0 |     33 |      0 |   1 |   73.0 |
               +--------+--------+--------+--------+--------+-----+--------+

Top non-repeatable levels by time:
       D: 73 daAuts
